 Dungeon Crawl Stone Soup version 0.28.0 (webtiles) character file.

Game seed: 5939063002602475703

90066 belegose the Thaumaturge (level 15, -6/104 (105) HPs)
             Began as a Gnoll Fire Elementalist on Feb 5, 2022.
             Was the Champion of Hepliaklqana.
             Killed from afar by an ancient lich (74 damage)
             ... with a bolt of acid
             ... summoned by Mlioglotl
             ... on level 1 of the Spider Nest.
             The game lasted 02:47:13 (33059 turns).

belegose the Thaumaturge (Gnoll Fire Elementalist) Turns: 33059, Time: 02:47:14

HP:   -6/104 (105)  AC: 18    Str: 17    XL:     15   Next: 99%
MP:   30/30         EV: 15    Int: 22    God:    Hepliaklqana [******]
Gold: 1902          SH: 13    Dex: 12    Spells: 16/37 levels left

rFire   . . .      SeeInvis +   a - +6 broad axe (drain)
rCold   + . .      Faith    .   z - +2 kite shield {AC+3}
rNeg    . . .      Spirit   .   v - +3 leather armour {rC+}
rPois   +          Reflect  .   n - +1 helmet
rElec   +          Harm     .   d - +0 cloak
rCorr   .          Rampage  .   H - +0 pair of gloves
Will    +....                   u - +1 pair of boots of Sif Muna's Approval {rElec Int+4 SInv}
Stlth   ++++......              r - amulet of regeneration
HPRegen 1.07/turn               y - ring of poison resistance
MPRegen 0.22/turn               I - ring of Unaq {Wiz Str+5}

@: lethally poisoned (-6 -> -15), lightly drained
A: reduced essence, fangs 1, strong nose, distributed training
a: Renounce Religion, Recall Ancestor, Ancestor Identity, Transference, Idealise


You were on level 1 of the Spider Nest.
You worshipped Hepliaklqana.
Hepliaklqana was exalted by your worship.
You visited 5 branches of the dungeon, and saw 24 of its levels.
You also visited: Gauntlet.

You collected 2583 gold pieces.
You spent 681 gold pieces at shops.

Inventory:

Hand Weapons
 a - a +6 broad axe of draining (weapon)
Missiles
 f - 56 poisoned darts (quivered)
 m - 7 curare-tipped darts
 x - 192 bolts
 E - 5 javelins
 M - 6 throwing nets
 V - 4 silver javelins
Armour
 d - a +0 cloak (worn)
 n - a +1 helmet (worn)
 u - the +1 pair of boots of Sif Muna's Approval (worn) {rElec Int+4 SInv}
   (You found it in a Gauntlet)

   Int:       It affects your intelligence (+4).
   rElec:     It insulates you from electricity.
   SInv:      It lets you see invisible.
 v - a +3 leather armour of cold resistance (worn)
 z - a +2 kite shield of protection (worn)
 H - a +0 pair of gloves (worn)
Magical Staves
 B - a staff of fire
Jewellery
 r - an amulet of regeneration (around neck)
 y - a ring of poison resistance (left hand)
 I - the ring of Unaq (right hand) {Wiz Str+5}
   (You took it off a minotaur in a Gauntlet)

   [ring of wizardry]

   It improves your spell success rate.
   Str:       It affects your strength (+5).
 R - a ring of willpower
 T - a ring of willpower
 W - a ring of protection from cold
Wands
 b - a wand of acid (3)
 i - a wand of charming (12)
 o - a wand of polymorph (14)
 s - a wand of digging (13)
 t - a wand of flame (26)
 w - a wand of iceblast (10)
Scrolls
 l - 8 scrolls of teleportation
 p - 4 scrolls of blinking
 A - a scroll of fog
 G - a scroll of holy word
 L - 2 scrolls of fear
 P - 2 scrolls of magic mapping
 S - 2 scrolls of enchant weapon
 Y - a scroll of enchant armour
Potions
 c - a potion of resistance
 e - 6 potions of curing
 g - 2 potions of haste
 h - 3 potions of magic
 k - 5 potions of mutation
 D - 2 potions of cancellation
 F - 4 potions of berserk rage
 J - a potion of ambrosia
 K - a potion of invisibility
 N - 2 potions of flight
 O - a potion of lignification
 Q - a potion of heal wounds
Miscellaneous
 X - a lightning rod (4/4)
 Z - a tin of tremorstones (2/2)


   Skills:
 + Level 10.5 Fighting
 + Level 10.5 Short Blades
 + Level 10.5 Long Blades
 + Level 10.5 Axes
 + Level 10.5 Maces & Flails
 + Level 10.5 Polearms
 + Level 10.5 Staves
 + Level 10.5 Slings
 + Level 10.5 Bows
 + Level 10.5 Crossbows
 + Level 10.5 Throwing
 + Level 10.5 Armour
 + Level 11.5 Dodging
 + Level 11.3 Stealth
 + Level 10.5 Shields
 + Level 10.5 Unarmed Combat
 + Level 11.6 Spellcasting
 + Level 9.1 Conjurations
 + Level 8.8 Hexes
 + Level 8.8 Summonings
 + Level 8.8 Necromancy
 + Level 8.8 Translocations
 + Level 8.8 Transmutations
 + Level 10.4 Fire Magic
 + Level 8.8 Ice Magic
 + Level 8.8 Air Magic
 + Level 8.8 Earth Magic
 + Level 8.8 Poison Magic
 + Level 11.4 Invocations
 + Level 10.5 Evocations


You had 16 spell levels left.
You knew the following spells:

 Your Spells              Type           Power      Damage    Failure   Level
a - Foxfire               Conj/Fire      100%       2x1d9     1%          1
b - Tukima's Dance        Hex            51%        N/A       1%          3
c - Animate Skeleton      Necr           100%       N/A       1%          1
d - Poisonous Vapours     Pois/Air       100%       N/A       1%          2
e - Stone Arrow           Conj/Erth      100%       3d13      1%          3
f - Flame Wave            Conj/Fire      54%        2d11      1%          4
g - Lightning Bolt        Conj/Air       25%        1d41      3%          5
h - Blink                 Tloc           100%       N/A       1%          2

Your spell library contained the following spells:

 Spells                   Type           Power      Damage    Failure   Level
 Freeze                   Ice            100%       1d11      1%          1
 Pain                     Necr           100%       1d9       1%          1
 Sandblast                Erth           100%       2d20      1%          1
 Sting                    Tmut/Pois      100%       1d8       1%          1
 Corpse Rot               Necr/Air       100%       N/A       1%          2
 Passwall                 Tmut/Erth      42%        N/A       1%          2
 Scorch                   Fire           100%       2d10      1%          2
 Sublimation of Blood     Necr           51%        N/A       1%          2
 Conjure Flame            Conj/Fire      54%        6-21      1%          3
 Frozen Ramparts          Ice            100%       1d12      1%          3
 Gell's Gravitas          Tloc           51%        N/A       1%          3
 Ignite Poison            Fire/Tmut/Pois 52%        N/A       1%          3
 Inner Flame              Hex/Fire       53%        N/A       1%          3
 Mephitic Cloud           Conj/Pois/Air  51%        N/A       1%          3
 Ozocubu's Armour         Ice            51%        N/A       1%          3
 Portal Projectile        Hex/Tloc       100%       N/A       1%          3
 Vampiric Draining        Necr           51%        2d9       1%          3
 Airstrike                Air            25%        N/A       1%          4
 Anguish                  Hex/Necr       25%        N/A       1%          4
 Hailstorm                Conj/Ice       51%        3d11      1%          4
 Iskenderun's Mystic Bla  Conj/Tloc      51%        2d11      1%          4
 Olgreb's Toxic Radiance  Pois           51%        N/A       1%          4
 Petrify                  Tmut/Erth      51%        N/A       1%          4
 Sticky Flame             Conj/Fire      54%        2d7       1%          4
 Summon Lightning Spire   Summ/Air       51%        N/A       1%          4
 Freezing Cloud           Conj/Ice/Air   25%        6-21      3%          5
 Irradiate                Conj/Tmut      25%        3d22      3%          5
 Agony                    Necr           51%        N/A       4%          5
 Blade Hands              Tmut           25%        N/A       4%          5
 Excruciating Wounds      Necr           25%        N/A       4%          5
 Manifold Assault         Tloc           51%        N/A       4%          5
 Summon Forest            Summ/Tloc      25%        N/A       4%          5
 Summon Mana Viper        Hex/Summ       51%        N/A       4%          5
 Iron Shot                Conj/Erth      25%        9d5       19%         6
 Summon Cactus Giant      Summ           25%        N/A       21%         6
 Enfeeble                 Hex            25%        N/A       71%         7
 Ozocubu's Refrigeration  Ice            25%        4d10      71%         7
 Storm Form               Tmut/Air       25%        N/A       71%         7


Dungeon Overview and Level Annotations

Branches:
Dungeon (14/15)            Temple (1/1) D:7            Lair (6/6) D:10
  Swamp (0/4) Lair:3       Spider (1/4) Lair:2        Slime (0/5) Lair:5
    Orc (2/2) D:12            Elf (0/3) Orc:2        Vaults (0/5) D:13
Gauntlet (visited)

Altars:
Ashenzari
Cheibriados
Dithmenos
Elyvilon
Fedhas
Gozag
Hepliaklqana
Kikubaaqudgha
Makhleb
Nemelex Xobeh
Okawaru
Qazlal
Ru
Sif Muna
Trog
Uskayaw
Vehumet
Wu Jian
Xom
Yredelemnul
Zin
The Shining One
Beogh

Shops:
D:2 *   D:14 :   Orc:2 [*

Portals:
Hell: Lair:6

Annotations:
D:11 1 runed translucent door, exclusion: door, limozeen581's ghost, journeyman DEWz
D:12 Snorg
D:14 1 runed translucent door
Lair:1 2 transporters
Lair:5 exclusion: downstairs
Spider:1 2 transporters, BobtheApe's ghost, adept GrEE; Mlioglotl
Orc:2 Saint Roka


Innate Abilities, Weirdness & Mutations

Your life essence is reduced to manifest your ancestor. (-10% HP)
You have very sharp teeth.
Your uncanny sense of smell can sniff out nearby items.
Your experience applies equally to all skills.


Message History

You barely miss the redback.
The redback bites you but does no damage.
The redback bites you.
You are poisoned.
The redback poisons you!
You slice the redback!!
The redback is severely wounded.
You feel extremely sick.
Mlioglotl churns violently!
Mlioglotl corrupts the dungeon around him!
The ancient lich shouts!
The redback closely misses you. The redback barely misses you.
You barely miss the redback.
The redback is severely wounded.
You feel extremely sick. You block the redback's attack.
Ahmose gestures at the redback while chanting.
The redback appears confused.
Unknown command.
You slash Mlioglotl!
Mlioglotl is lightly wounded.
You slash the redback!
You kill the redback!
You feel extremely sick.
Mlioglotl churns violently!
Mlioglotl corrupts the dungeon around him!
Mlioglotl misses you. Mlioglotl tramples you.
You hold your ground!
The ancient lich casts a spell.
The ancient lich seems to speed up.
The vampire is caught in a web!
You swap places.
You feel very sick.
Mlioglotl hits Ahmose!
Mlioglotl tramples Ahmose!
Ahmose holds his ground!
Ahmose hits Mlioglotl with a +0 dagger of draining!
The vampire pulls away from the web.
The ancient lich casts a spell at you.
The bolt of acid hits Ahmose!!!
The acid corrodes Ahmose!
Ahmose is destroyed!
The bolt of acid hits you!!!!
Ouch! That really hurt!
You die...

..^...... ......... #....4...
#....V.3# #......L##
....#...^## ..........##
####...##X†## ##.. ###@## #..
#..## ## #### .#. ###.# ##.
##..####. ##.##.# #### #.#
#......####.##.## #..# ##.#
#...........#...#####..####.##
##...........#.#.##.#.#....#.#
#............####.#..#####...#
##...............#..###...#####


You could see Mlioglotl, an ancient lich (summoned, fast), an orange demon
(summoned), a ynoxinul (summoned) and a vampire (summoned).

Vanquished Creatures
  Donald (Orc:2)
  An emperor scorpion (Spider:1)
  Harold (D:9)
  5 hydras
  3 boulder beetles
  A ghost crab (Gauntlet)
  Erolcha (Orc:1)
  4 catoblepae
  3 two-headed ogres
  4 centaur warriors
  Urug (D:11)
  3 tengu warriors
  5 orc high priests
  Nergalle (Lair:1)
  A sun demon (Lair:6)
  A pharaoh ant (Spider:1)
  An orb spider (Spider:1)
  A wizard (D:13)
  Pikel (D:5)
  An orc knight (D:12)
  A deep elf pyromancer (D:12)
  A wolf spider (Spider:1)
  6 ugly things
  3 cyclopes
  15 elephants
  4 centaur zombies
  Maurice (D:11)
  12 cane toads
  A black mamba (Lair:5)
  A torpor snail (Spider:1)
  An orange demon (Lair:6)
  A gargoyle (D:11)
  3 demonic crawlers (Spider:1)
  6 komodo dragons
  Maggie (D:6)
  5 rime drakes
  3 ice devils (Lair:6)
  A tengu conjurer (D:14)
  A hellwing (Lair:6)
  2 meliai (Spider:1)
  3 trolls
  A red devil (Lair:6)
  2 polar bears
  Grinder (D:6)
  4 tarantellas (Spider:1)
  6 blink frogs
  7 slime creatures
  4 hornets
  8 dream sheep (Lair:5)
  3 jumping spiders (Spider:1)
  A wyvern (D:9)
  4 wraiths
  2 culicivoras (Spider:1)
  4 basilisks
  28 yaks
  2 fire bats (Gauntlet)
  4 steam dragons
  6 redbacks
  9 vampire mosquitoes
  2 swamp worms (Lair:3)
  7 wargs
  8 water moccasins
  A water moccasin (shapeshifter) (D:13)
  3 hell hounds (Lair:6)
  4 sky beasts
  8 orc warriors
  3 ice beasts
  A hornet zombie (D:8)
  A black bear (Lair:3)
  An ogre (D:6)
  9 wolves
  6 centaurs
  3 lemures (D:6)
  3 kobold brigands
  5 bullfrogs
  2 gnoll sergeants (D:12)
  A water moccasin zombie (D:5)
  2 scorpions (D:6)
  5 howler monkeys
  12 wights
  3 electric eels
  A hound (D:4)
  A bullfrog skeleton (D:5)
  13 orc priests
  A centaur skeleton (D:6)
  3 jellies
  Jessica (D:2)
  Ijyb (D:4)
  Terence (D:2)
  A hexer (D:10)
  3 iguanas
  Natasha (thrice) (D:2)
  9 orc wizards
  5 hell rats (Lair:2)
  A hound skeleton (D:4)
  A howler monkey zombie (D:8)
  3 adders
  6 gnolls (D:12)
  A shadow imp (D:7)
  A white imp (D:8)
  An adder zombie (D:5)
  A worm (D:3)
  3 dart slugs
  61 orcs
  6 endoplasms
  3 giant cockroaches
  7 goblins
  8 hobgoblins
  2 quokkas
  4 ball pythons (D:1)
  5 bats
  4 frilled lizards
  15 kobolds
  3 rats
477 creatures vanquished.

Vanquished Creatures (collateral kills)
  A minotaur (Gauntlet)
  A boulder beetle (Lair:6)
  2 hydras
  An orc high priest (Orc:1)
  A skeletal warrior (D:7)
  A bog body (Lair:3)
  2 wizards
  6 ugly things (D:14)
  A cyclops (D:12)
  A moth of wrath (Spider:1)
  5 elephants
  A black mamba (Lair:2)
  An orange demon (Lair:6)
  10 cane toads
  5 rime drakes
  A demonic crawler (Spider:1)
  6 komodo dragons
  A polar bear (Lair:6)
  A slime creature (D:13)
  3 blink frogs
  A dream sheep (Lair:5)
  2 culicivoras (Spider:1)
  2 fire bats (Gauntlet)
  13 yaks
  3 redbacks
  3 vampire mosquitoes
  2 wargs (Orc:2)
  2 water moccasins
  An acid dragon (D:10)
  4 orc warriors
  2 black bears (Lair:1)
  3 wolves
  A bullfrog (Lair:1)
  A wight (D:8)
  3 howler monkeys (D:11)
  A lava snake (Lair:4)
  A centaur zombie (D:10)
  4 orc priests
  2 hell rats (Lair:3)
  3 orc wizards
  3 gnolls (D:12)
  7 orcs
  3 kobolds (D:8)
  3 foxfires (D:2)
121 creatures vanquished.

Vanquished Creatures (others)
  A komodo dragon (Lair:6)
  6 ancestors
  20 hexers
  376 foxfires
  35 fungi
  38 plants
  19 withered plants
495 creatures vanquished.

Grand Total: 1093 creatures vanquished

Notes
Turn   | Place    | Note
-------+----------+-------------------------------------------
     0 | D:1      | belegose the Gnoll Fire Elementalist began the quest for
                  | the Orb.
     0 | D:1      | Reached XP level 1. HP: 13/13 MP: 6/6
   165 | D:1      | Reached XP level 2. HP: 14/19 MP: 7/7
   596 | D:1      | Reached XP level 3. HP: 25/25 MP: 7/9
   640 | D:1      | Reached skill level 5 in Spellcasting
  1327 | D:2      | Reached skill level 1 in Invocations
  1350 | D:2      | Noticed Natasha
  1730 | D:2      | Found Read Hem's General Store.
  1736 | D:2      | Bought a scroll of identify for 26 gold pieces
  1815 | D:2      | Killed Natasha
  1816 | D:2      | Reached skill level 1 in Fighting
  1816 | D:2      | Reached skill level 1 in Short Blades
  1816 | D:2      | Reached skill level 1 in Long Blades
  1816 | D:2      | Reached skill level 1 in Axes
  1816 | D:2      | Reached skill level 1 in Maces & Flails
  1816 | D:2      | Reached skill level 1 in Polearms
  1816 | D:2      | Reached skill level 1 in Staves
  1816 | D:2      | Reached skill level 1 in Slings
  1816 | D:2      | Reached skill level 1 in Bows
  1816 | D:2      | Reached skill level 1 in Crossbows
  1816 | D:2      | Reached skill level 1 in Throwing
  1816 | D:2      | Reached skill level 1 in Armour
  1816 | D:2      | Reached skill level 1 in Shields
  1816 | D:2      | Reached skill level 1 in Unarmed Combat
  1816 | D:2      | Reached skill level 1 in Evocations
  1816 | D:2      | Reached XP level 4. HP: 23/32 MP: 4/11
  1965 | D:2      | You fall into a shaft and drop 2 floors!
  2152 | D:2      | Noticed Terence
  2161 | D:2      | Killed Terence
  2162 | D:2      | Reached skill level 1 in Hexes
  2162 | D:2      | Reached skill level 1 in Summonings
  2162 | D:2      | Reached skill level 1 in Necromancy
  2162 | D:2      | Reached skill level 1 in Translocations
  2162 | D:2      | Reached skill level 1 in Transmutations
  2162 | D:2      | Reached skill level 1 in Ice Magic
  2162 | D:2      | Reached skill level 1 in Air Magic
  2162 | D:2      | Reached skill level 1 in Earth Magic
  2162 | D:2      | Reached skill level 1 in Poison Magic
  2186 | D:2      | Found a faded altar of an unknown god.
  2262 | D:2      | Noticed Jessica
  2286 | D:2      | Killed Jessica
  2287 | D:2      | Reached XP level 5. HP: 37/37 MP: 8/12
  2353 | D:2      | Noticed Natasha
  2368 | D:2      | Killed Natasha
  3371 | D:4      | Reached XP level 6. HP: 41/44 MP: 8/13
  3563 | D:4      | Reached skill level 5 in Dodging
  3731 | D:5      | Entered Level 5 of the Dungeon
  3731 | D:5      | Noticed Ijyb
  3731 | D:5      | Noticed a sky beast
  3757 | D:4      | Killed Ijyb
  4068 | D:5      | Reached XP level 7. HP: 24/50 MP: 15/15
  4321 | D:5      | Reached skill level 5 in Stealth
  4424 | D:5      | Reached XP level 8. HP: 41/58 MP: 8/16
  5208 | D:6      | Noticed Grinder
  5349 | D:6      | Learned a level 3 spell: Tukima's Dance
  5384 | D:6      | Noticed Maggie
  5409 | D:6      | Killed Maggie
  5497 | D:6      | Reached XP level 9. HP: 65/65 MP: 14/18
  5915 | D:6      | Killed Grinder
  6063 | D:6      | Noticed Pikel
  6162 | D:5      | Killed Pikel
  6243 | D:6      | Reached skill level 5 in Invocations
  6452 | D:7      | Found a staircase to the Ecumenical Temple.
  6461 | D:7      | Noticed a skeletal warrior
  6461 | D:7      | Noticed a skeletal warrior
  6461 | D:7      | Noticed a skeletal warrior
  7081 | Temple   | Entered the Ecumenical Temple
  7189 | Temple   | Became a worshipper of Hepliaklqana the Forgotten
  7227 | D:7      | Noticed a skeletal warrior
  7286 | D:7      | Noticed a hornet
  7322 | D:7      | Killed a hornet
  7323 | D:7      | Reached XP level 10. HP: 73/73 MP: 20/20
  7578 | D:8      | Reached skill level 5 in Fighting
  7578 | D:8      | Reached skill level 5 in Short Blades
  7578 | D:8      | Reached skill level 5 in Long Blades
  7578 | D:8      | Reached skill level 5 in Axes
  7578 | D:8      | Reached skill level 5 in Maces & Flails
  7578 | D:8      | Reached skill level 5 in Polearms
  7578 | D:8      | Reached skill level 5 in Staves
  7578 | D:8      | Reached skill level 5 in Slings
  7578 | D:8      | Reached skill level 5 in Bows
  7578 | D:8      | Reached skill level 5 in Crossbows
  7578 | D:8      | Reached skill level 5 in Throwing
  7578 | D:8      | Reached skill level 5 in Armour
  7578 | D:8      | Reached skill level 5 in Shields
  7578 | D:8      | Reached skill level 5 in Unarmed Combat
  7578 | D:8      | Reached skill level 5 in Evocations
  8481 | D:9      | Noticed Harold
  8596 | D:9      | Noticed a two-headed ogre
  8660 | D:9      | Reached * piety under Hepliaklqana
  9073 | D:9      | Reached skill level 5 in Conjurations
  9143 | D:9      | Noticed a boulder beetle
  9164 | D:9      | Killed a boulder beetle
  9200 | D:9      | Learned a level 1 spell: Animate Skeleton
  9203 | D:9      | Learned a level 2 spell: Poisonous Vapours
  9306 | D:9      | Killed Harold
  9307 | D:9      | Reached XP level 11. HP: 6/72 MP: 17/22
  9586 | D:9      | Found a broken altar of Ashenzari.
  9721 | D:9      | Killed a two-headed ogre
  9722 | D:9      | Reached skill level 5 in Hexes
  9722 | D:9      | Reached skill level 5 in Summonings
  9722 | D:9      | Reached skill level 5 in Necromancy
  9722 | D:9      | Reached skill level 5 in Translocations
  9722 | D:9      | Reached skill level 5 in Transmutations
  9722 | D:9      | Reached skill level 5 in Ice Magic
  9722 | D:9      | Reached skill level 5 in Air Magic
  9722 | D:9      | Reached skill level 5 in Earth Magic
  9722 | D:9      | Reached skill level 5 in Poison Magic
  9979 | D:10     | Entered Level 10 of the Dungeon
 10031 | D:10     | Noticed a six-headed hydra
 10096 | D:10     | Noticed a tengu warrior
 10204 | D:10     | Learned a level 3 spell: Stone Arrow
 10353 | D:10     | Noticed a tengu warrior
 10382 | D:10     | Killed a six-headed hydra
 10537 | D:10     | Found a staircase to the Lair.
 10693 | D:11     | Noticed a brown ugly thing
 10827 | D:11     | Killed a brown ugly thing
 11240 | D:11     | Reached ** piety under Hepliaklqana
 11241 | D:11     | Remembered your ancestor Ahmose as a hexer
 11520 | D:11     | Noticed Maurice
 11532 | D:11     | Found a runed translucent door.
 11532 | D:11     | Noticed limozeen581's ghost (journeyman DEWz)
 11561 | D:11     | Noticed Urug
 11781 | D:11     | Killed Urug
 11910 | D:10     | Killed a tengu warrior
 11915 | D:10     | Killed a tengu warrior
 12122 | D:11     | Killed Maurice
 12258 | D:11     | Noticed a cyclops
 12300 | D:11     | Killed a cyclops
 12301 | D:11     | Reached XP level 12. HP: 80/80 MP: 22/24
 12364 | D:11     | Noticed a two-headed ogre
 12375 | D:11     | Killed a two-headed ogre
 12809 | D:12     | Found a staircase to the Orcish Mines.
 13066 | D:2      | Bought 3 scrolls of identify for 78 gold pieces
 13072 | D:2      | Bought an amulet of guardian spirit for 390 gold pieces
 13112 | D:2      | Noticed Natasha
 13119 | D:2      | Killed Natasha
 14337 | D:6      | Learned a level 4 spell: Flame Wave
 16051 | D:12     | Reached *** piety under Hepliaklqana
 16080 | D:12     | Noticed a boulder beetle
 16089 | D:12     | Killed a boulder beetle
 16404 | D:12     | Noticed Snorg
 16494 | Orc:1    | Entered Level 1 of the Orcish Mines
 17151 | Orc:1    | Noticed Erolcha
 17158 | Orc:1    | Killed Erolcha
 17467 | Orc:2    | Entered Level 2 of the Orcish Mines
 17552 | Orc:2    | Noticed an orc high priest
 17557 | Orc:2    | Noticed an orc high priest
 17601 | Orc:2    | Noticed a sun demon
 17655 | Lair:1   | Entered Level 1 of the Lair of Beasts
 17836 | Lair:1   | Noticed Nergalle
 17846 | Lair:1   | Killed Nergalle
 17860 | Lair:1   | Found a transporter.
 17911 | Lair:1   | Found a transporter.
 18147 | Lair:1   | Found a glowing silver altar of Zin.
 18553 | Lair:2   | Noticed a four-headed hydra
 18568 | Lair:1   | Reached XP level 13. HP: 69/88 MP: 24/26
 18597 | Lair:2   | Found a gate leading to a gauntlet.
 18604 | Gauntlet | Entered a Gauntlet
 18604 | Gauntlet | Found a large runed translucent door.
 18604 | Gauntlet | Found a large runed translucent door.
 18604 | Gauntlet | Found a large runed translucent door.
 18604 | Gauntlet | Found a large runed translucent door.
 18604 | Gauntlet | Found a large runed translucent door.
 18604 | Gauntlet | Found a large runed translucent door.
 18604 | Gauntlet | Found a large runed translucent door.
 18604 | Gauntlet | Found a large runed translucent door.
 18604 | Gauntlet | Found a runed translucent door.
 18604 | Gauntlet | Found a runed translucent gate.
 18604 | Gauntlet | Found a transporter.
 18604 | Gauntlet | Found a transporter.
 18604 | Gauntlet | Found a runed translucent gate.
 18604 | Gauntlet | Found a transporter.
 18621 | Gauntlet | Found a transporter.
 18625 | Gauntlet | Found a transporter.
 18635 | Gauntlet | Found a transporter.
 18639 | Gauntlet | Found a transporter.
 18649 | Gauntlet | Found a transporter.
 18693 | Gauntlet | Found a transporter.
 18694 | Gauntlet | Found a runed translucent gate.
 18696 | Gauntlet | Found a large runed translucent door.
 18698 | Gauntlet | Found a runed translucent door.
 18709 | Gauntlet | Found a large runed translucent door.
 18709 | Gauntlet | Found a large runed translucent door.
 18709 | Gauntlet | Found a large runed translucent door.
 18710 | Gauntlet | Found a large runed translucent door.
 18710 | Gauntlet | Found a large runed translucent door.
 18711 | Gauntlet | Found a large runed translucent door.
 18711 | Gauntlet | Found a large runed translucent door.
 18736 | Gauntlet | Found a transporter.
 18740 | Gauntlet | Found a transporter.
 18750 | Gauntlet | Found a transporter.
 19104 | Gauntlet | Identified the +1 pair of boots of Sif Muna's Approval
                  | {rElec Int+4 SInv}
 19112 | Gauntlet | Got the Catalogue of Lethal Flames
 19136 | Gauntlet | Reached **** piety under Hepliaklqana
 19160 | Gauntlet | Identified the ring of Unaq {Wiz Str+5}
 19160 | Gauntlet | Noticed a minotaur
 19167 | Gauntlet | Killed a minotaur
 19336 | Gauntlet | Got Miak's Collected Works on Air and the Traveller
 19692 | Lair:2   | Found a hole to the Spider Nest.
 19831 | Lair:2   | Identified the +5 quarterstaff "Zakeer" {elec, Int+2}
 20306 | Lair:2   | Learned a level 5 spell: Lightning Bolt
 21074 | Lair:3   | Reached skill level 10 in Spellcasting
 21125 | Lair:3   | Learned a level 2 spell: Blink
 21757 | Lair:3   | Found a staircase to the Swamp.
 22280 | Lair:4   | Reached ***** piety under Hepliaklqana
 22283 | Lair:4   | You fall into a shaft and drop 2 floors!
 22283 | Lair:6   | Entered Level 6 of the Lair of Beasts
 22348 | Lair:5   | Reached skill level 10 in Dodging
 22351 | Lair:5   | Reached XP level 14. HP: 95/95 MP: 28/28
 22460 | Lair:5   | Found a staircase to the Slime Pits.
 22920 | Lair:4   | Reached skill level 10 in Stealth
 23657 | Lair:5   | Reached skill level 10 in Invocations
 24254 | Lair:5   | Identified the +2 robe "Vinyceq" {rCorr}
 25971 | Orc:2    | Found Uzxycet's Antique Armour Emporium.
 25971 | Orc:2    | Found Jiteb's Assorted Antiques.
 25988 | Orc:2    | Bought a shiny helmet for 187 gold pieces
 26145 | Orc:2    | Noticed Donald
 26163 | Orc:2    | Found a staircase to the Elven Halls.
 26165 | Orc:2    | Killed Donald
 26281 | Orc:2    | Noticed Saint Roka
 26615 | Lair:6   | Found a white marble altar of Elyvilon.
 27803 | Lair:6   | Reached XP level 15. HP: 99/103 MP: 29/29
 28683 | Lair:6   | Found a burning altar of Makhleb.
 28782 | Lair:6   | Reached skill level 10 in Fire Magic
 29172 | Lair:6   | Reached skill level 10 in Fighting
 29172 | Lair:6   | Reached skill level 10 in Short Blades
 29172 | Lair:6   | Reached skill level 10 in Long Blades
 29172 | Lair:6   | Reached skill level 10 in Axes
 29172 | Lair:6   | Reached skill level 10 in Maces & Flails
 29172 | Lair:6   | Reached skill level 10 in Polearms
 29172 | Lair:6   | Reached skill level 10 in Staves
 29172 | Lair:6   | Reached skill level 10 in Slings
 29172 | Lair:6   | Reached skill level 10 in Bows
 29172 | Lair:6   | Reached skill level 10 in Crossbows
 29172 | Lair:6   | Reached skill level 10 in Throwing
 29172 | Lair:6   | Reached skill level 10 in Armour
 29172 | Lair:6   | Reached skill level 10 in Shields
 29172 | Lair:6   | Reached skill level 10 in Unarmed Combat
 29172 | Lair:6   | Reached skill level 10 in Evocations
 29366 | Lair:6   | Found a gateway to Hell.
 29373 | Lair:6   | Identified the +9 great mace "Iheuxied" {spect, rElec}
 30213 | D:13     | Found a gate to the Vaults.
 30907 | D:14     | Found a runed translucent door.
 31133 | D:14     | Reached ****** piety under Hepliaklqana
 31232 | D:14     | Found Vesaffiw's Book Emporium.
 31900 | Spider:1 | Entered Level 1 of the Spider Nest
 31947 | Spider:1 | Noticed an emperor scorpion
 31965 | Spider:1 | Killed an emperor scorpion
 31974 | Spider:1 | Identified the +0 leather armour of Cheibriados's Approval
                  | {rF+ rN+}
 32780 | Spider:1 | Found a transporter.
 32823 | Spider:1 | Found a transporter.
 32823 | Spider:1 | Noticed BobtheApe's ghost (adept GrEE)
 32823 | Spider:1 | Noticed an emperor scorpion
 32823 | Spider:1 | Noticed an emperor scorpion
 32891 | Spider:1 | Noticed Mlioglotl
 33056 | Spider:1 | Noticed an ancient lich
 33059 | Spider:1 | Killed from afar by an ancient lich

Illustrated notes

Levels and vault maps discovered:
D:1:      wander_arrival_lonely_grave, layout_basic
D:2:      layout_loops_ring, shapermc_ecumenical_altar_hornbeckon, serial_shops,
          nicolae_shop_trees, st_stairs_9, lemuel_old_faithful, uniq_jessica,
          uniq_natasha, uniq_terence
D:3:      layout_basic
D:4:      layout_gridville, enter_ossuary_2, minmay_tree_intersection
D:5:      layout_basic, uniq_ijyb
D:6:      layout_gridville, uniq_pikel, uniq_grinder, uniq_maggie
D:7:      layout_basic, temple_doors_e
D:8:      layout_rooms
D:9:      layout_loops_ring, ashenzari_altar_1, grunt_ministairs_2, uniq_harold
D:10:     layout_rooms, lair_entry_dummy, minivault_4
D:11:     layout_basic, gammafunk_ghost_grave, uniq_maurice, uniq_urug
D:12:     layout_irregular_city, hiddenorc1_lemuel, item_on_display_b,
          uniq_snorg
D:13:     layout_long_grid, david_vaults_1
D:14:     cheibrodos_shockbox, layout_stronghold, serial_shops, shop
Temple:   kilobyte_greek_temple
Lair:1:   gammafunk_cloud_chamber, layout_hall_layers, basic_altar,
          gammafunk_lair_bear_cave, uniq_nergalle
Lair:2:   layout_regular_city, spider_nest_entry_a,
          lightli_volcano_entry_magma_tube, gauntlet_entry_generic
Lair:3:   layout_loops_ring, nicolae_swamp_entry_splash_gauntlet
Lair:4:   layout_gridlike, grunt_megastairs_4
Lair:5:   layout_cave_pods, slime_dummy
Lair:6:   evil_forest, layout_small_grid, basic_altar,
          chequers_serial_rivers_large_b, grunt_megastairs_3
Spider:1: cheibrodos_spider_deadly_dance, gammafunk_ghost_arena,
          einodemon_crawler_minivault, uniq_mlioglotl, uniq_aizul
Orc:1:    layout_diamond_mine, serial_shops, uniq_erolcha
Orc:2:    st_orc_town, layout_caves, uniq_nessos, uniq_donald, uniq_saint_roka

Skill      XL: |  1  2  3  4  5  6  7  8  9 10 11 12 13 14 15 |
---------------+----------------------------------------------+-----
Conjurations   | 2 3 4 5 6 7 8 9 |  9.1
Spellcasting   | 5 6 7 8 9 10 11 | 11.6
Invocations    | 1 2 3 4 5 6 7 8 9 10 11 | 11.4
Fighting       | 1 2 3 4 5 6 7 8 9 10 | 10.5
Short Blades   | 1 2 3 4 5 6 7 8 9 10 | 10.5
Long Blades    | 1 2 3 4 5 6 7 8 9 10 | 10.5
Axes           | 1 2 3 4 5 6 7 8 9 10 | 10.5
Maces & Flails | 1 2 3 4 5 6 7 8 9 10 | 10.5
Polearms       | 1 2 3 4 5 6 7 8 9 10 | 10.5
Staves         | 1 2 3 4 5 6 7 8 9 10 | 10.5
Slings         | 1 2 3 4 5 6 7 8 9 10 | 10.5
Bows           | 1 2 3 4 5 6 7 8 9 10 | 10.5
Crossbows      | 1 2 3 4 5 6 7 8 9 10 | 10.5
Throwing       | 1 2 3 4 5 6 7 8 9 10 | 10.5
Armour         | 1 2 3 4 5 6 7 8 9 10 | 10.5
Shields        | 1 2 3 4 5 6 7 8 9 10 | 10.5
Unarmed Combat | 1 2 3 4 5 6 7 8 9 10 | 10.5
Evocations     | 1 2 3 4 5 6 7 8 9 10 | 10.5
Hexes          | 1 2 3 4 5 6 7 8 |  8.8
Summonings     | 1 2 3 4 5 6 7 8 |  8.8
Necromancy     | 1 2 3 4 5 6 7 8 |  8.8
Translocations | 1 2 3 4 5 6 7 8 |  8.8
Transmutations | 1 2 3 4 5 6 7 8 |  8.8
Ice Magic      | 1 2 3 4 5 6 7 8 |  8.8
Air Magic      | 1 2 3 4 5 6 7 8 |  8.8
Earth Magic    | 1 2 3 4 5 6 7 8 |  8.8
Poison Magic   | 1 2 3 4 5 6 7 8 |  8.8
Dodging        | 5 6 7 8 9 10 11 | 11.5
Stealth        | 5 6 7 8 9 10 11 | 11.3
Fire Magic     | 6 7 8 9 10 | 10.4

Action                   |  1- 3 |  4- 6 |  7- 9 | 10-12 | 13-15 || total
-------------------------+-------+-------+-------+-------+-------++-------
Melee: Dagger            |    50 |    46 |    14 |       |       ||   110
       Bite              |     4 |     3 |    10 |    87 |   142 ||   246
       Short sword       |       |     4 |    26 |   109 |       ||   139
       Punch             |       |     1 |     2 |    23 |    36 ||    62
       Hand axe          |       |       |    68 |    50 |       ||   118
       Long sword        |       |       |       |   167 |       ||   167
       Scimitar          |       |       |       |    19 |       ||    19
       Broad axe         |       |       |       |   265 |   599 ||   864
       Staff             |       |       |       |     3 |    21 ||    24
       Quarterstaff      |       |       |       |       |   171 ||   171
       Great mace        |       |       |       |       |    41 ||    41
Throw: Dart              |       |       |     5 |    11 |    20 ||    36
       Javelin           |       |       |       |    19 |     5 ||    24
       Stone             |       |       |       |     1 |       ||     1
 Cast: Foxfire           |    27 |    59 |   110 |    21 |     2 ||   219
       Poisonous Vapours |       |       |       |    67 |    18 ||    85
       Stone Arrow       |       |       |       |    19 |     8 ||    27
       Tukima's Dance    |       |       |       |     1 |       ||     1
       Flame Wave        |       |       |       |     4 |    11 ||    15
       Lightning Bolt    |       |       |       |       |    22 ||    22
       Blink             |       |       |       |       |     2 ||     2
       Animate Skeleton  |       |       |       |       |     2 ||     2
Invok: Recall Ancestor   |       |       |       |    16 |    16 ||    32
       Ancestor Life: He |       |       |       |     1 |       ||     1
       Idealise          |       |       |       |       |     1 ||     1
Evoke: Wand              |       |       |       |     7 |    17 ||    24
  Use: Scroll            |     1 |       |     1 |    14 |    14 ||    30
       Potion            |       |       |       |     2 |     2 ||     4
 Stab: Sleeping          |     4 |     5 |     3 |    10 |    17 ||    39
       Distracted        |       |       |       |    10 |     9 ||    19
       Paralysed         |       |       |       |     4 |    29 ||    33
       Confused          |       |       |       |     6 |    16 ||    22
Armor: Robe              |    21 |    10 |     2 |       |       ||    33
       Leather armour    |       |       |    33 |    71 |   309 ||   413
       Steam dragon scal |       |       |    11 |    68 |       ||    79
Dodge: Dodged            |    30 |    30 |    73 |   585 |   862 ||  1580
Block: Buckler           |       |       |       |    29 |    14 ||    43
       Kite shield       |       |       |       |       |   103 ||   103
